 Dungeon Crawl Stone Soup version 0.27.1 (webtiles) character file.

Game seed: 17635395478676383003

380 MacCMillion the Chopper (level 6, -4/56 HPs)
             Began as a Hill Orc Fighter on Aug 30, 2021.
             Splashed by a jelly's acid (8 damage)
             ... on level 4 of the Dungeon.
             The game lasted 00:04:58 (2701 turns).

MacCMillion the Chopper (Hill Orc Fighter)          Turns: 2701, Time: 00:04:58

Health: -4/56      AC:  6    Str: 26    XL:     6   Next: 75%
Magic:  6/6        EV:  6    Int:  9    God:
Gold:   96         SH: 10    Dex: 10    Spells: 5/5 levels left

rFire    + . .     SeeInvis .   a - +0 war axe
rCold    . . .     Faith    .   c - +0 kite shield
rNeg     . . .     Spirit   .   m - +0 chain mail {rF+}
rPois    .         Reflect  .   k - +0 helmet
rElec    .         Harm     .   (no cloak)
rCorr    .         Rampage  .   (no gloves)
Will     .....                  (no boots)
Stlth    ..........             (no amulet)
HPRegen  0.18/turn              e - +6 ring of strength
MPRegen  0.10/turn              (no ring)

@: corroded, hasted, very quick
A: no striking features
a: no special abilities


You were on level 4 of the Dungeon.
You visited 1 branch of the dungeon, and saw 4 of its levels.

You collected 96 gold pieces.

Inventory:

Hand Weapons
 a - a +0 war axe (weapon)
Armour
 c - a +0 kite shield (worn)
 k - a +0 helmet (worn)
 m - a +0 chain mail of fire resistance (worn)
Jewellery
 e - a +6 ring of strength (left hand)
Scrolls
 b - 2 scrolls of identify {unknown}
 f - a scroll of enchant weapon {unknown}
 g - a scroll of vulnerability {unknown}
 h - 3 scrolls of teleportation {unknown}
 i - a scroll of fog {unknown}
 j - a scroll of amnesia {unknown}
Potions
 d - 3 potions of might


   Skills:
 - Level 5.0 Fighting
 * Level 6.1 Axes
 + Level 4.6 Armour
 + Level 4.6 Shields


You had 5 spell levels left.
You didn't know any spells.
Your spell library contained the following spells:

 Spells                   Type           Power      Damage    Failure   Level
 Beastly Appendage        Tmut           0%         N/A       100%        1
 Summon Small Mammal      Summ           0%         N/A       100%        1
 Corpse Rot               Necr/Air       N/A        N/A       100%        2
 Poisonous Vapours        Pois/Air       0%         N/A       100%        2
 Wereblood                Tmut           0%         N/A       100%        2
 Call Canine Familiar     Summ           0%         N/A       100%        3
 Spider Form              Tmut/Pois      0%         N/A       100%        3
 Summon Guardian Golem    Hex/Summ       0%         N/A       100%        3
 Freezing Cloud           Conj/Ice/Air   0%         6-21      100%        5
 Summon Forest            Summ/Tloc      0%         N/A       100%        5
 Eringya's Noxious Bog    Tmut/Pois      0%         N/A       100%        6
 Summon Hydra             Summ           0%         N/A       100%        7


Dungeon Overview and Level Annotations

Branches:
Dungeon (4/15)
 Temple: D:4-7

Altars:

Annotations:
D:3 Sigmund


Message History

Found 2 gold pieces.
Blork the orc points at you and mumbles some strange words.
The magic dart hits you. You block the orc priest's attack.
You hit the orc priest.
The orc priest is almost dead.
You hit the jelly but do no damage.
Your hands burn!
You closely miss Blork the orc. You block Blork the orc's attack.
You block the orc priest's attack. The jelly hits you but does no damage.
Blork the orc barely misses you.
You hit Blork the orc.
You kill Blork the orc!
Your shield prevents you from hitting the orc priest.
You hit the jelly.
Your hands burn!
The orc priest invokes the aid of Beogh against you.
Beogh smites you!
* * * LOW HITPOINT WARNING * * *
The jelly hits you but does no damage. The jelly barely misses you.
The orc priest mumbles some strange prayers to Beogh against you.
You barely resist. The kobold hits you but does no damage.
Training target 5.0 for Fighting reached!
Your Fighting skill increases to level 5!
Your Axes skill increases to level 6!
Okay, then.
You slash the orc priest!
You kill the orc priest!
You closely miss the kobold. You slash the jelly! The acid corrodes you!
Your hands burn!
* * * LOW HITPOINT WARNING * * *
The jelly hits you but does no damage. The kobold hits you but does no damage.
A hound comes into view.
The hound barks!
It was a potion of haste.
You feel yourself speed up. The jelly hits you but does no damage.
The kobold hits you but does no damage.
Unknown command.
Found 16 gold pieces.
The hound pauses to sniff the ground.
The jelly hits you.
* * * LOW HITPOINT WARNING * * *
You are splashed with acid!
You die...

##.........o.......#
#..........###.....##.
...........# #........
..........###))......
.).........).)...###
.......#......###
......##........#
#..KJ....# #....@.#..#
#..h...#..#
#.........#
#.#####..... ...
$....# .... ......
....# ..... .$. .....


You could see a hound, a jelly and a kobold.

Vanquished Creatures
  Blork the orc (D:4)
  A vampire bat (D:3)
  An orc priest (D:4)
  A hound (D:3)
  An iguana (D:4)
  4 adders
  A worm (D:2)
  3 fire bats (D:3)
  3 orcs (D:4)
  2 spectral bats (D:3)
  6 ball pythons
  14 bats
  A bat simulacrum (D:3)
  3 bat skeletons (D:3)
  A bat zombie (D:3)
  3 endoplasms
  6 giant cockroaches
  2 goblins
  6 hobgoblins
  4 quokkas
  4 frilled lizards
  6 kobolds
  9 rats
83 creatures vanquished.

Notes
Turn   | Place    | Note
-------+----------+-------------------------------------------
     0 | D:1      | MacCMillion the Hill Orc Fighter began the quest for the
                  | Orb.
     0 | D:1      | Reached XP level 1. HP: 19/19 MP: 1/1
   154 | D:1      | Reached skill level 3 in Axes
   161 | D:1      | Reached XP level 2. HP: 23/27 MP: 2/2
   598 | D:1      | Found a faded altar of an unknown god.
  1114 | D:2      | Reached XP level 3. HP: 32/33 MP: 3/3
  1303 | D:2      | Reached skill level 4 in Axes
  1445 | D:2      | Reached XP level 4. HP: 40/40 MP: 4/4
  1939 | D:3      | Reached XP level 5. HP: 47/47 MP: 5/5
  1994 | D:3      | Reached skill level 5 in Axes
  2353 | D:3      | Reached XP level 6. HP: 53/53 MP: 6/6
  2651 | D:3      | Noticed Sigmund
  2677 | D:4      | Noticed Blork the orc
  2695 | D:4      | Killed Blork the orc
  2696 | D:4      | Reached skill level 5 in Fighting
  2696 | D:4      | Reached skill level 6 in Axes
  2701 | D:4      | Splashed by a jelly's acid

Illustrated notes

Levels and vault maps discovered:
D:1:      scummos_arrival_checkerplants, layout_loops_ring,
          basic_ecumenical_altar
D:2:      layout_basic
D:3:      layout_basic, goddamned_bats, uniq_sigmund
D:4:      layout_rooms, nicolae_qazlal_scattered_showers,
          nicolae_kikubaaqudgha_miasma_corner, serial_co_window_serial,
          co_window_paths_b, co_window_paths_a, co_window_corner_a,
          co_window_paths_b, co_window_of_opportunity_a, co_window_2corner,
          co_window_of_opportunity_b, co_window_broadway_b,
          co_window_broadway_c, glass_columns_a, glass_columns_a,
          glass_columns_b, glass_columns_c, glass_columns_a, uniq_blork_the_orc

Skill      XL: |  1  2  3  4  5  6 |
---------------+-------------------+-----
Axes           | 3 4 5 6 |  6.1
Fighting       | 4 5 |  5.0
Armour         | 4 |  4.6
Shields        | 4 |  4.6

Action                   |  1- 3 |  4- 6 || total
-------------------------+-------+-------++-------
Melee: War axe           |   106 |   139 ||   245
  Use: Potion            |       |     1 ||     1
Armor: Scale mail        |    20 |       ||    20
       Chain mail        |    44 |   164 ||   208
Dodge: Dodged            |    35 |    69 ||   104
Block: Kite shield       |    89 |   128 ||   217
